 Dungeon Crawl Stone Soup version 0.28.0-53-g5a82cb258f (webtiles) character file.

Game seed: 14883440399765395578

74 Jerry the Covered (level 4, -2/42 HPs)
             Began as a Deep Dwarf Fighter on June 30, 2022.
             Slain by a worm (6 damage)
             ... on level 3 of the Dungeon.
             The game lasted 00:03:20 (1133 turns).

Jerry the Covered (Deep Dwarf Fighter)              Turns: 1133, Time: 00:03:21

Health: -2/42      AC:  7    Str: 20    XL:     4   Next: 10%
Magic:  4/4        EV:  9    Int:  8    God:
Gold:   66         SH:  5    Dex: 14    Spells: 3/3 levels left

rFire   . . .      SeeInvis .   a - +0 war axe
rCold   . . .      Faith    .   c - +0 buckler
rNeg    . . .      Spirit   .   b - +0 scale mail
rPois   .          Reflect  .   (no helmet)
rElec   .          Harm     .   (no cloak)
rCorr   .          Rampage  .   (no gloves)
Will    .....                   (no boots)
Stlth   ..........              (no amulet)
HPRegen 0.00/turn               (no ring)
MPRegen 0.09/turn               (no ring)

@: no status effects
A: damage resistance, heal wounds, sense surroundings 1, no regeneration
a: Heal Wounds


You were on level 3 of the Dungeon.
You visited 1 branch of the dungeon, and saw 3 of its levels.

You collected 66 gold pieces.

Inventory:

Hand Weapons
 a - a +0 war axe (weapon)
Armour
 b - a +0 scale mail (worn)
 c - a +0 buckler (worn)
Wands
 h - a wand of iceblast (11)
Scrolls
 f - 2 scrolls of teleportation {unknown}
 i - a scroll of fear {unknown}
 j - a scroll of identify {unknown}
 k - a scroll of silence {unknown}
Potions
 d - a potion of might
 e - 2 potions of invisibility {unknown}
 g - a potion of lignification {unknown}


   Skills:
 + Level 3.2 Fighting
 + Level 3.0 Axes
 + Level 4.0 Armour
 + Level 3.9 Shields


You had 3 spell levels left.
You didn't know any spells.
Your spell library was empty.

Dungeon Overview and Level Annotations

Branches:
Dungeon (3/15)

Altars:

Shops:
D:1 ((*[


Innate Abilities, Weirdness & Mutations

You are resistant to damage.
You can heal yourself by infusing magical energy.
You passively map a small area around you.
You do not regenerate.


Message History

You open the door.
Done exploring.
Done exploring.
Done exploring.
Done exploring.
Search for what [Enter for "."]? .
(D) Dungeon
Where to? (Enter - D:2, ? - help)
What level of the Dungeon? (default 1, ? - help)
You see here 21 arrows.
There is an open door here.
There is a stone staircase leading down here.
You climb downwards.
There is a stone staircase leading up here.
A worm is nearby!
Found 20 stones.
The worm barely misses you.
You barely miss the worm. The worm bites you.
* * * LOW HITPOINT WARNING * * *
You completely miss the worm. You hit the worm but do no damage.
The worm bites you but does no damage.
You hit the worm.
The worm is lightly wounded.
The worm bites you.
* * * LOW HITPOINT WARNING * * *
You barely miss the worm.
The worm is lightly wounded.
The worm bites you but does no damage.
You hit the worm but do no damage.
The worm is lightly wounded.
The worm closely misses you.
You hit the worm but do no damage. You hit the worm.
The worm is moderately wounded.
The worm bites you.
* * * LOW HITPOINT WARNING * * *
You barely miss the worm.
The worm is moderately wounded.
The worm bites you!
You die...

, , , ... * #
#.# #.# #.# , *
,*.#.#( #.#** ,
* ..... ..., *,
, ,,...#..#.# *,
, ......#w# *,#*
, ,
.......@###.##.#
, ,
...............#
........<......#
,
...####.#.######
.. #.#.# , .
#.#.# , , #.#.#
, , #.#.# #.#.#


You could see a worm.

Vanquished Creatures
  An adder (D:2)
  3 worms (D:2)
  2 dart slugs (D:1)
  5 bats
  6 endoplasms
  3 goblins
  5 hobgoblins
  4 jackals (D:1)
  3 quokkas
  4 ball pythons
  3 frilled lizards
  5 kobolds
  4 rats
48 creatures vanquished.

Notes
Turn   | Place    | Note
-------+----------+-------------------------------------------
     0 | D:1      | Jerry the Deep Dwarf Fighter began the quest for the Orb.
     0 | D:1      | Reached XP level 1. HP: 20/20 MP: 1/1
    97 | D:1      | Reached XP level 2. HP: 24/27 MP: 2/2
   337 | D:1      | Found Geoqu's Weapon Shoppe.
   374 | D:1      | Found Wuagiuf Yjuo's Weapon Emporium.
   460 | D:1      | Reached XP level 3. HP: 24/34 MP: 3/3
   467 | D:1      | Found a faded altar of an unknown god.
   494 | D:1      | Found Uceiwkae's Antique Armour Emporium.
   540 | D:1      | Found Mienurox's General Store.
   877 | D:2      | Reached skill level 4 in Armour
   941 | D:2      | Reached XP level 4. HP: 16/42 MP: 4/4
  1133 | D:3      | Slain by a worm

Illustrated notes

Levels and vault maps discovered:
D:1:      shiori_shiawase, layout_basic, ebering_ecumenical_altar_abandoned,
          serial_shops, nicolae_shop_trees, nicolae_shop_trees,
          nicolae_shop_hallway_plus, shop_statue, hex_tiny, roderic_lattice_a
D:2:      layout_basic, solitary_fountain, kennysheep_generic_room_12
D:3:      layout_basic, mainiacjoe_overflow_chevrons, palyth_stone_intersect,
          hex_medium, minmay_fractal_squares_diagonal_5

Skill      XL: |  1  2  3 |
---------------+----------+-----
Fighting       | 3 |  3.2
Armour         | 4 |  4.0
Axes           | 3 |  3.0
Shields        | |  3.9

Action                   |  1- 3 |  4- 6 || total
-------------------------+-------+-------++-------
Melee: War axe           |    94 |    21 ||   115
Armor: Scale mail        |    41 |     2 ||    43
Dodge: Dodged            |    58 |     7 ||    65
Block: Buckler           |    22 |     1 ||    23
